 Dungeon Crawl Stone Soup version 0.27-a0-380-g150de4c316 (webtiles) character file.

Game seed: 14964278628652196036

138 tilp the Insei (level 5, -3/34 HPs)
             Began as an Octopode Transmuter on Feb 17, 2021.
             Was an Initiate of Okawaru.
             Slain by a river rat (5 damage)
             ... on level 4 of the Dungeon.
             The game lasted 00:04:39 (3876 turns).

tilp the Insei (Octopode Transmuter)                Turns: 3876, Time: 00:04:39

Health: -3/34      AC:  1    Str: 10    XL:     5   Next: 21%
Magic:  7/8        EV: 13    Int: 16    God:    Okawaru [......]
Gold:   127        SH:  0    Dex: 12    Spells: 2/8 levels left

rFire    . . .     SeeInvis +     - Unarmed
rCold    . . .     Faith    .   (no shield)
rNeg     . . .     Spirit   .   (helmet currently unavailable)
rPois    +         Reflect  .   (no amulet)
rElec    .         Harm     .   h - ring of see invisible
rCorr    .         Rampage  .   i - ring of poison resistance
Will     .....                  (no ring)
Stlth    +++.......             (no ring)
HPRegen  0.11/turn              (no ring)
MPRegen  0.11/turn              (no ring)
                                (no ring)
                                (no ring)

@: appendages
A: almost no armour, stealthy swim, amphibious, 8 rings, constrict 8, tentacle
spike 3, camouflage 1, gelatinous body 1
a: End Transformation, Renounce Religion


You were on level 4 of the Dungeon.
You worshipped Okawaru.
Okawaru was noncommittal.
One of your tentacles had a temporary spike.
You visited 1 branch of the dungeon, and saw 4 of its levels.

You collected 127 gold pieces.

Inventory:

Hand Weapons
 k - the +7 dagger of Keideeda {elec, rElec rC++ Will++}
   (You took it off an orc on level 4 of the Dungeon)

   Occasionally, upon striking a foe, it can discharge electrical energy and
   cause terrible harm.
   It greatly protects you from cold.
   It insulates you from electricity.
   It affects your willpower, your defense against some magical effects.
Missiles
 b - 44 stones
 l - a boomerang (quivered)
Jewellery
 h - a ring of see invisible (left tentacle)
 i - a ring of poison resistance (right tentacle)
Scrolls
 a - a scroll of amnesia
 d - 4 scrolls of teleportation
 f - a scroll of magic mapping {unknown}
Potions
 c - a potion of resistance
 e - a potion of attraction
 g - 2 potions of haste
 j - a potion of flight


   Skills:
 + Level 2.2 Fighting
 - Level 2.0 Dodging
 - Level 4.0 Stealth
 * Level 4.3 Unarmed Combat
 - Level 2.0 Spellcasting
 - Level 2.0 Transmutations


You had 2 spell levels left.
You knew the following spells:

 Your Spells              Type           Power        Failure   Level
a - Beastly Appendage     Tmut           16%          9%          1
b - Wereblood             Tmut           8%           14%         2
c - Spider Form           Tmut/Pois      2%           38%         3

Your spell library contained the following spells:

 Spells                   Type           Power        Failure   Level
 Ice Form                 Ice/Tmut       4%           80%         4
 Blade Hands              Tmut           4%           94%         5


Dungeon Overview and Level Annotations

Branches:
Dungeon (4/15)
 Temple: D:4-7

Altars:
Okawaru
Yredelemnul

Portals:
Sewer: D:4

Annotations:
D:4 Natasha


Innate Abilities, Weirdness & Mutations

You cannot wear most types of armour.
You are very stealthy in the water. (Stealth+)
You are amphibious.
You can wear up to eight rings at the same time.
You can use your tentacles to constrict eight enemies at once.
Your skin changes colour to match your surroundings (Stealth+).
Your rubbery body absorbs attacks. (AC +1, EV +1)
One of your tentacles bears a large vicious spike.


Message History

Your transformation is almost over.
A rat comes into view.
The rat moves out of view.
A river rat comes into view.
Found a glowing drain.
Throw: 2 boomerangs
Press: ? - help, Q - select action, (/) - cycle Shift-Dir - straight line, f - river rat
Aim: a river rat (53% to hit)
You throw a boomerang.
The boomerang closely misses the river rat.
Your tentacle spike disappears.
Throw: 2 boomerangs
Press: ? - help, Q - select action, (/) - cycle Shift-Dir - straight line, f/p - river rat
Aim: a river rat (53% to hit)
You throw a boomerang. The boomerang hits the river rat.
The river rat is lightly wounded.
Unknown command.
Casting: Beastly Appendage (safe; 9% risk of failure)
Confirm with . or Enter, or press ? or * to list all spells.
One of your tentacles grows a vicious spike.
Throw: boomerang
Press: ? - help, Q - select action, (/) - cycle Shift-Dir - straight line, f/p - river rat
Aim: a river rat (lightly wounded, 53% to hit)
You throw a boomerang.
The boomerang closely misses the river rat.
The river rat bites you.
* * * LOW HITPOINT WARNING * * *
You tentacle-slap the river rat. You grab the river rat.
The river rat is severely wounded.
You constrict the river rat, but do no damage.
The river rat bites you.
* * * LOW HITPOINT WARNING * * *
Unknown command.
Okay, then.
You tentacle-slap the river rat but do no damage.
Your squeeze misses the river rat.
The river rat is severely wounded.
You constrict the river rat, but do no damage.
The river rat bites you.
You die...

#.# #.#.#######)#
r........##......#
.......#####.######
#....### #)# ####
#.# #.# #.# #.# #@#
#r# #.# #.######
#......# #.####.#
#.. #... ...≈≈


You could see a river rat.

Vanquished Creatures
  4 adders
  An ooze (D:3)
  An adder skeleton (D:4)
  A worm (D:3)
  5 dart slugs
  2 leopard geckos
  5 orcs
  5 giant cockroaches
  13 goblins
  5 hobgoblins
  4 jackals
  A quokka (D:2)
  7 bats
  3 frilled lizards
  8 kobolds
  2 leopard gecko skeletons (D:4)
  A quokka skeleton (D:4)
  5 rats
73 creatures vanquished.

Notes
Turn   | Place    | Note
-------+----------+-------------------------------------------
     0 | D:1      | tilp the Octopode Transmuter began the quest for the Orb.
     0 | D:1      | Reached XP level 1. HP: 13/13 MP: 3/3
   159 | D:1      | Reached skill level 1 in Stealth
   360 | D:1      | Reached XP level 2. HP: 12/18 MP: 3/5
   364 | D:1      | Learned a level 2 spell: Wereblood
   928 | D:1      | Reached XP level 3. HP: 22/23 MP: 6/6
   932 | D:1      | Learned a level 3 spell: Spider Form
  1365 | D:2      | Found a basalt altar of Yredelemnul.
  1965 | D:2      | Reached XP level 4. HP: 17/28 MP: 5/7
  2673 | D:3      | Found a faded altar of an unknown god.
  2952 | D:3      | Found an iron altar of Okawaru.
  2996 | D:3      | Became a worshipper of Warmaster Okawaru
  3425 | D:3      | Reached XP level 5. HP: 29/34 MP: 8/8
  3745 | D:4      | Noticed Natasha
  3818 | D:4      | Identified the +7 dagger of Keideeda {elec, rElec rC++
                  | Will++}
  3866 | D:4      | Found a glowing drain.
  3875 | D:4      | HP: 1/34 [river rat (4)]
  3876 | D:4      | Slain by a river rat

Illustrated notes

Levels and vault maps discovered:
D:1:      ebering_trefoil_3fold, layout_basic, hangedman_feature_mirror
D:2:      layout_loops_ring, overflow_temple_1_default
D:3:      layout_loops_cross, chequers_ecumenical_altar_island, minivault_4,
          okawaru_ov_weapons_minmay
D:4:      layout_loops_ring, marbit_many_paths, general_overflow_altar,
          portal_sewer_entry_b, eino_small_chamber_without_monster, uniq_natasha

Skill      XL: |  1  2  3  4 |
---------------+-------------+-----
Stealth        | 2 3 4 |  4.0
Unarmed Combat | 4 |  4.3
Fighting       | 2 |  2.2
Dodging        | |  2.0
Spellcasting   | |  2.0
Transmutations | |  2.0

Action                   |  1- 3 |  4- 6 || total
-------------------------+-------+-------++-------
Melee: Unarmed           |    91 |    79 ||   170
       Constrict         |    26 |    22 ||    48
       Tentacles         |    16 |     4 ||    20
       Kick              |     4 |    11 ||    15
       Punch             |     1 |     2 ||     3
Throw: Stone             |     4 |     4 ||     8
       Boomerang         |       |     7 ||     7
 Cast: Beastly Appendage |     5 |     9 ||    14
       Wereblood         |     1 |     2 ||     3
  Use: Scroll            |       |    10 ||    10
 Stab: Sleeping          |    18 |     5 ||    23
       Distracted        |       |     1 ||     1
Armor: Skin              |     7 |     7 ||    14
Dodge: Dodged            |    36 |    39 ||    75

Table legend: (Time is in decaauts)
 A = Elapsed time spent in this place.
 B = Non-inter-level travel time spent in this place.
 C = Inter-level travel time spent in this place.
 D = Time resting spent in this place.
 E = Time spent auto-exploring this place.
 F = Levels seen in this place.
 G = Mean time per level.
                   A        B        C        D        E       F      G
               +--------+--------+--------+--------+--------+-----+--------+
         Total |   3865 |   3776 |     89 |    334 |   2830 |   4 |  966.2 |
       Dungeon |   3865 |   3776 |     89 |    334 |   2830 |   4 |  966.2 |
               +--------+--------+--------+--------+--------+-----+--------+

Top non-repeatable levels by time:
     D:3: 1430 daAuts
     D:1: 1230 daAuts
     D:2: 1060 daAuts
     D:4: 144 daAuts
